 Dungeon Crawl Stone Soup version 0.31.0-9-g3a7656b989 (webtiles) character file.

Game seed: 13604801922781181713

191 qw the Shooter (level 5, -6/27 HPs)
             Began as a Spriggan Hunter on Feb 2, 2024.
             Was an Initiate of Okawaru.
             Killed by divine providence
             ... invoked by an orc priest
              (13 damage)
             ... on level 3 of the Dungeon.
             The game lasted 00:00:08 (1699 turns).

qw the Shooter (Spriggan Hunter)                    Turns: 1699, Time: 00:00:09

Health: -6/27      AC:  2    Str:  7    XL:     5   Next: 41%
Magic:  6/6        EV: 20    Int: 10    God:    Okawaru [......]
Gold:   35         SH:  0    Dex: 21    Spells: 4/4 levels left

rFire   . . .        a - +0 shortbow (freeze)
rCold   . . .        (shield currently unavailable)
rNeg    . . .        c - +0 robe
rPois   .            (helmet restricted)
rElec   .            (no cloak)
rCorr   .            (gloves unavailable)
SInv    +            (boots unavailable)
Will    .....        (no amulet)
Stlth   ++           (no ring)
HPRegen 0.24/turn    (no ring)
MPRegen 0.10/turn

%: no passive effects
@: very quick
A: very small, no large weapons, unfitting armour, see invisible, speed 3
a: Renounce Religion


You were on level 3 of the Dungeon.
You worshipped Okawaru.
Okawaru was noncommittal.
You visited 1 branch of the dungeon, and saw 3 of its levels.

You collected 35 gold pieces.


Innate Abilities, Weirdness & Mutations

You are very small and have problems with some larger weapons.
You are too small for most types of armour.
You have supernaturally acute eyesight. (SInv)
You cover ground extremely quickly. (Speed+++)


   Skills:
 - Level 2.7 Fighting
 + Level 5.1 Ranged Weapons
 - Level 5.0 Dodging
 - Level 1.5 Stealth


You had 4 spell levels left.
You didn't know any spells.
Your spell library was empty.

Inventory:

Hand Weapons
 a - a +0 shortbow of freezing (weapon)
Armour
 c - a +0 robe (worn)
Jewellery
 e - a ring of ice
 f - an amulet of guardian spirit
Scrolls
 b - 2 scrolls of teleportation
Potions
 d - a potion of curing {unknown}
 g - a potion of cancellation {unknown}
 h - a potion of brilliance {unknown}

Dungeon Overview and Level Annotations

Branches:
Dungeon (3/15)

Altars:
Okawaru

Shops:
D:2 (


Message History

You shoot an arrow. The arrow hits the orc.
The arrow freezes the orc.
The orc is heavily wounded.
A quokka comes into view.
The orc priest looks braver for a moment.
You shoot an arrow. The arrow barely misses the orc.
The arrow hits the orc but does no damage.
You shoot an arrow. The arrow hits the orc.
The arrow freezes the orc.
You kill the orc!
Okawaru accepts your kill.
You shoot an arrow. The arrow hits the orc.
The arrow freezes the orc.
The orc is moderately wounded.
The orc hits you but does no damage.
The orc priest miscasts a cantrip.
You shoot an arrow. The arrow hits the orc.
The arrow freezes the orc.
The orc is almost dead.
The orc priest mumbles some strange prayers to Beogh against you.
Pain shoots through your body! The orc barely misses you.
You shoot an arrow. The arrow hits the orc!
The arrow freezes the orc.
You kill the orc!
Okawaru accepts your kill.
You shoot an arrow. The arrow hits the orc priest!
The arrow freezes the orc priest.
The orc priest is severely wounded.
The orc priest hits you with a +0 flail!
The orc priest hits you with a +0 hand axe.
You shoot an arrow. The arrow hits the orc priest.
The arrow freezes the orc priest.
The orc priest is almost dead.
The orc priest miscasts a cantrip.
An orc comes into view. It is wielding a +0 flail.
The orc priest invokes the aid of Beogh against you.
You resist with significant effort. The quokka misses you.
You shoot an arrow. The orc shouts!
The arrow hits the orc priest but does no damage.
The orc priest is almost dead.
The orc priest barely misses you.
The orc priest invokes the aid of Beogh against you.
Beogh smites you!
You die...

### .# . ..#.# #.
....# ..$ #...#
o...##...#
........>#
#....)oor# #@.#
#..# #..# #..#
####..#####
..#......#
#.#..###.# #
#.##.###.######..
#.#................


You could see 2 orc priests, an orc and a quokka.

Vanquished Creatures
  A phantom (D:2)
  6 adders
  2 dart slugs (D:1)
  A ribbon worm (D:3)
  2 orcs (D:3)
  7 ball pythons
  8 endoplasms
  3 giant cockroaches
  2 goblins (D:2)
  6 hobgoblins
  4 jackals
  3 quokkas
  4 bats
  5 frilled lizards
  A kobold (D:2)
  2 rats
57 creatures vanquished.

Notes
Turn   | Place    | Note
-------+----------+-------------------------------------------
     0 | D:1      | qw the Spriggan Hunter began the quest for the Orb.
     0 | D:1      | Reached XP level 1. HP: 10/10 MP: 2/2
     0 | D:1      | 0 ||| qw: Version: 0.3-a-155-g5e7d8dd
     0 | D:1      | 0 ||| qw: Game counter: 2758
     0 | D:1      | 0 ||| qw: Melee chars always use a shield: true
     0 | D:1      | 0 ||| qw: God list: Okawaru
     0 | D:1      | 0 ||| qw: Allow faded altars: false
     0 | D:1      | 0 ||| qw: Do Orc after clearing Dungeon:15 true
     0 | D:1      | 0 ||| qw: Do second Lair branch before Depths: true
     0 | D:1      | 0 ||| qw: Lair rune preference: random
     0 | D:1      | 0 ||| qw: Goals: Normal
     0 | D:1      | 0 ||| PLANNING D:1-11
    59 | D:1      | Reached skill level 3 in Dodging
   246 | D:1      | Reached XP level 2. HP: 14/14 MP: 3/3
   956 | D:1      | 956 ||| READING scroll labelled YBLAJE KYRHA.
   967 | D:1      | 967 ||| DROPPING scroll of butterflies.
  1007 | D:1      | Found an iron altar of Okawaru.
  1008 | D:1      | 1008 ||| PLANNING OKAWARU WORSHIP
  1020 | D:1      | 1020 ||| PLANNING D:1-11
  1124 | D:2      | 1124 ||| STAIRDANCE
  1129 | D:1      | Reached XP level 3. HP: 14/18 MP: 4/4
  1163 | D:2      | 1163 ||| STAIRDANCE
  1203 | D:2      | 1203 ||| STAIRDANCE
  1217 | D:2      | Found Ceduppoi's Weapon Shop.
  1303 | D:2      | Reached XP level 4. HP: 21/22 MP: 5/5
  1383 | D:2      | Found an iron altar of Okawaru.
  1384 | D:2      | 1384 ||| PLANNING OKAWARU WORSHIP
  1384 | D:2      | 1384 ||| READING scroll labelled VOR QEODDUWE.
  1384 | D:2      | 1384 ||| BRANDING +0 shortbow.
  1392 | D:2      | Became a worshipper of Warmaster Okawaru
  1393 | D:2      | 1393 ||| PLANNING D:1-11
  1574 | D:3      | Noticed a phantom
  1580 | D:3      | 1580 ||| STAIRDANCE
  1585 | D:2      | Killed a phantom
  1586 | D:2      | Reached XP level 5. HP: 18/27 MP: 6/6
  1699 | D:3      | Killed from afar by an orc priest

Levels and vault maps discovered:
D:1:      dpeg_arrival_lava_altar, layout_basic
D:2:      layout_rooms, serial_shops, shop, basic_altar,
          minmay_misc_feat_diagonals
D:3:      layout_basic, grunt_gozag_breadcrumbs, guppyfry_early_lair_pool

Skill      XL: |  1  2  3  4 |
---------------+-------------+-----
Dodging        | 3 4 5 |  5.0
Ranged Weapons | 5 |  5.1
Fighting       | 2 |  2.7
Stealth        | |  1.5

Action                     |  1- 3 |  4- 6 || total
---------------------------+-------+-------++-------
   Fire: Shortbow          |    82 |    62 ||   144
    Use: Scroll            |     1 |     1 ||     2
 Armour: Robe              |    12 |     7 ||    19
  Dodge: Dodged            |    41 |    25 ||    66

Table legend:
 A = Non-vault XP
 B = Vault XP
 C = Vault XP percentage of total XP
 D = Non-vault monster count
 E = Vault monster count
 F = Vault count percentage of total count
                 A         B        C        D         E       F
            +---------+---------+-------+---------+---------+-------
      Total |     273 |       0 |   0.0 |      57 |       0 |   0.0
            +---------+---------+-------+---------+---------+-------
        D:1 |      65 |       0 |   0.0 |      22 |       0 |   0.0
        D:2 |     195 |       0 |   0.0 |      30 |       0 |   0.0
        D:3 |      13 |       0 |   0.0 |       5 |       0 |   0.0
            +---------+---------+-------+---------+---------+-------
